Teasel, chaotic male elven Priest ... ..... ....*.- .....- .....------ ............ ... ......---....-- ....- ...[...--....-- +. ....- ...).........-- .. --'....... ..%%..........| -..-.@.- -.^.. ..)%%.-.......------------....--- |.... ..>....`.....^...............`| -.. ----------.|.|..-------------- -------- Teasel the Adept Experience level: 6 Strength: 11 Dexterity: 13 Constitution: 15 Intelligence: 6 Wisdom: 20 Charisma: 8 Health: 0(37) Energy: 56(112) Def: 8 Gold: 0 Moves: 2313 Dungeon seed: A2GbRX7_7CzMcLXK Game ID: Teasel_1614887449 Your Inventory: Weapons a - a blessed +1 mace (weapon in hand) j - 8 blessed +1 darts w - 7 blessed +0 arrows R - 8 +2 darts (in quiver) S - 4 +0 arrows T - a +0 bow (alternate weapon; not wielded) Armor e - a burnt +0 robe (being worn) n - a +0 small shield (being worn) q - a rusty +0 orcish helm (being worn) Y - a blessed +1 pair of iron shoes (being worn) Comestibles c - a clove of garlic d - a sprig of wolfsbane t - an apple D - a tripe ration K - an egg O - 4 food rations P - a cram ration Potions k - a potion of extra healing u - a cursed potion of extra healing A - a potion of invisibility I - 2 potions of gain energy Rings h - a ring of slow digestion Wands s - a wand of digging (0:4) C - a wand of striking (0:5) G - a wand of striking (0:6) Tools f - a brass lantern (lit) (0:1405) o - a sack p - a tin opener v - a tallow candle (0:200) x - a towel B - a +0 pick-axe M - a tin whistle Gems r - 2 emeralds z - a worthless piece of yellowish brown glass H - a worthless piece of orange glass N - a worthless piece of green glass Contents of the sack: 30 gold pieces a scroll of identify a cursed scroll of identify a spellbook of healing a spellbook of protection a potion of holy water a potion of water a ring of polymorph control a tooled horn a worthless piece of blue glass 2 worthless pieces of white glass a worthless piece of yellowish brown glass Spells and supernatural/magical abilities: Name Level Category Fail Memory h - healing 1 healing 0% 89% p - protection 1 clerical 0% 89% W - pray for help -- divine ? -- X - turn undead -- divine ? -- Your skills at the end: Fighting Skills Weapon Skills mace [Basic] Spellcasting Skills clerical spells [Basic] Final Attributes: You were piously aligned. You were sleep resistant. You were telepathic. You had infravision. You were held by a rope golem. You were protected. You are dead. Vanquished creatures: a mind flayer a rock piercer 7 gnome lords 4 gnomish wizards a gray ooze 4 dwarves 2 hobbits a giant rat a cave spider 19 gnomes a gnome zombie a gecko 3 jackals a fox a kobold a goblin a sewer rat 3 grid bugs a lichen 5 newts 59 creatures vanquished. Voluntary challenges: You used a wielded weapon 90 times, starting on turn 21. You read items or engraved 2 times, starting on turn 31. You never genocided any monsters. You never polymorphed an object. You never changed form. You used no wishes. You never split a pudding. You never wrote Elbereth's name. You never violated your personal moral code. Dungeon overview: The Dungeons of Doom: levels 1 to 2 Level 1 a sink a long staircase Level 2 a general store, a fountain stairs to The Gnomish Mines The Gnomish Mines: levels 3 to 8 Level 3 stairs to The Dungeons of Doom Level 4 Level 6 <- You were here Level 7 Level 8 History has recorded: On T:1 you entered the Dungeons of Doom to retrieve the Amulet of Yendor! On T:482 you reached level 2 of The Dungeons of Doom. On T:530 you advanced to experience level 2. On T:1125 you reached level 1 of The Gnomish Mines. On T:1138 you advanced to experience level 3. On T:1255 you advanced to experience level 4. On T:1399 you advanced to experience level 5. On T:1861 you reached level 2 of The Gnomish Mines. On T:1926 you advanced to experience level 6. On T:2015 you reached level 4 of The Gnomish Mines. On T:2018 you reached level 6 of The Gnomish Mines. On T:2099 you reached level 5 of The Gnomish Mines. Score breakdown: Gold: 30 ( 5073 points) Experience: 6 levels (12456 points) Exploration: 8 levels ( 15.69%) (11224 points) Discoveries: 2 items ( 0.70%) ( 2508 points) Valuables value: (no points given unless you survive) Artifact value: 0 ( 0 points) Variety of kills: 20 monsters ( 5.25%) ( 6873 points) Turncount: 2313 turns ( -215 points) Survival: died (score multiplied by 80%) Total score: 30335 Latest messages: Click! You trigger a rolling boulder trap! You are hit by a boulder. You feel better. With great effort you move the boulder. You try to move the boulder, but in vain. You miss the rope golem. The rope golem hits! (2x) You hit the rope golem! The rope golem hits! (2x) You feel better. The rope golem hits! (2x) The rope golem grabs you! The air around you begins to shimmer with a golden haze. The rope golem misses. The rope golem hits! You are being choked. You die... Final status: Goodbye Teasel the Priest, killed by a rope golem... You died in The Gnomish Mines on dungeon level 6 with 30335 points, and 30 pieces of gold, after 2313 moves. You were level 6 with a maximum of 37 hit points when you died.